[ AOE2 MATCH · #506070197 ]
UnrankedCelts vs Burmese
Player's team · WIN
Rival team · LOSS
[ REPLAY ANALYSIS · EXTRACTED FROM THE RECORDED GAME ]
Feudal
11:21
Castle
15:22
Imperial
36:33
| APM avg | 61.5 |
| APM peak | 104 |
| eAPM avg | 24.9 |
| Villagers / military | 129 / 71 |
Focus
⚔️ 31.1% · 🌾 68.9%
Archer ×50 · Mangonel ×9 · Battering Ram ×6 · Militia ×3 · Trebuchet (Packed) ×3
Feudal
10:40
Castle
14:29
Imperial
—
| APM avg | 58.6 |
| APM peak | 129 |
| eAPM avg | 24.6 |
| Villagers / military | 79 / 86 |
Focus
⚔️ 48.3% · 🌾 51.7%
Arambai ×72 · Mangonel ×12 · Monk ×1 · Scout Cavalry ×1
Match map
Initial resources + every placement click. Lines = walls · curves = elevation contours. ◆ gold · ⬟ stone · ● berries · ✦ relic · ◌ wall gap
Your base· Open — 6t gap
HyM.Buvra's base· Open — unwalled flank
Smoothed initial terrain · ◌ = detected wall gap · hover for details
Inputs per minute
— Hoanginator - - HyM.Buvra
Build order — Hoanginator
First 150 of 326 actions detected
| 0:00 | Queue | Villager (Male) |
| 0:01 | Build | House |
| 0:02 | Build | House |
| 0:05 | Queue | Villager (Male) |
| 0:05 | Queue | Villager (Male) |
| 0:06 | Queue | Villager (Male) |
| 1:28 | Queue | Villager (Male) |
| 1:29 | Queue | Villager (Male) |
| 1:46 | Build | Lumber Camp |
| 1:49 | Queue | Villager (Male) |
| 1:49 | Queue | Villager (Male) |
| 2:19 | Queue | Villager (Male) |
| 2:19 | Queue | Villager (Male) |
| 2:33 | Build | House |
| 2:55 | Queue | Villager (Male) |
| 2:55 | Queue | Villager (Male) |
| 3:11 | Queue | Villager (Male) |
| 3:11 | Queue | Villager (Male) |
| 3:32 | Queue | Villager (Male) |
| 3:32 | Queue | Villager (Male) |
| 4:00 | Queue | Villager (Male) |
| 4:00 | Queue | Villager (Male) |
| 4:31 | Queue | Villager (Male) |
| 4:32 | Queue | Villager (Male) |
| 4:59 | Queue | Villager (Male) |
| 5:19 | Build | Barracks |
| 5:21 | Build | House |
| 5:25 | Build | House |
| 5:28 | Build | Palisade Wall |
| 5:32 | Queue | Villager (Male) |
| 5:51 | Queue | Villager (Male) |
| 6:29 | Queue | Villager (Male) |
| 6:34 | Queue | Militia |
| 6:34 | Queue | Militia |
| 6:39 | Build | Mill |
| 6:45 | Build | House |
| 6:46 | Queue | Villager (Male) |
| 6:56 | Build | House |
| 7:00 | Build | Palisade Wall |
| 7:04 | Queue | Villager (Male) |
| 7:13 | Build | Palisade Wall |
| 7:14 | Build | Palisade Wall |
| 7:16 | Queue | Villager (Male) |
| 7:20 | Build | Palisade Wall |
| 7:22 | Build | Palisade Wall |
| 7:23 | Build | Palisade Wall |
| 7:27 | Queue | Villager (Male) |
| 7:31 | Queue | Militia |
| 7:43 | Queue | Villager (Male) |
| 7:52 | Build | Palisade Wall |
| 7:52 | Build | Palisade Wall |
| 7:58 | Build | Palisade Wall |
| 7:58 | Build | Palisade Wall |
| 7:59 | Build | Palisade Wall |
| 8:18 | Build | Mining Camp |
| 8:39 | Queue | Villager (Male) |
| 8:47 | Build | Farm |
| 9:01 | Research | Feudal Age |
| 9:01 | Research | Feudal Age |
| 9:39 | Build | Farm |
| 10:31 | Build | Palisade Wall |
| 11:19 | Queue | Villager (Male) |
| 11:21 | Age | Feudal Age |
| 11:26 | Build | Archery Range |
| 11:30 | Build | Archery Range |
| 11:31 | Queue | Villager (Male) |
| 11:36 | Build | Blacksmith |
| 11:51 | Build | House |
| 11:53 | Build | House |
| 12:09 | Queue | Villager (Male) |
| 12:10 | Queue | Archer |
| 12:33 | Build | House |
| 12:36 | Queue | Archer |
| 12:42 | Research | Castle Age |
| 12:42 | Research | Castle Age |
| 12:47 | Build | Farm |
| 12:54 | Queue | Archer |
| 13:12 | Build | Farm |
| 13:22 | Build | Farm |
| 13:40 | Research | Double-Bit Axe |
| 13:46 | Queue | Archer |
| 13:56 | Build | Farm |
| 14:02 | Research | Fletching |
| 14:35 | Build | Farm |
| 14:41 | Build | Lumber Camp |
| 14:57 | Research | Horse Collar |
| 14:59 | Queue | Villager (Male) |
| 15:11 | Queue | Archer |
| 15:12 | Queue | Archer |
| 15:22 | Age | Castle Age |
| 15:36 | Research | Crossbowman (upgrade) |
| 15:49 | Research | Loom |
| 15:49 | Research | Loom |
| 15:51 | Build | Farm |
| 16:07 | Build | Farm |
| 16:08 | Build | Farm |
| 16:11 | Queue | Villager (Male) |
| 16:29 | Queue | Archer |
| 16:34 | Build | Farm |
| 16:35 | Queue | Villager (Male) |
| 16:43 | Build | Farm |
| 16:46 | Queue | Archer |
| 16:53 | Research | Bodkin Arrow |
| 16:53 | Research | Bodkin Arrow |
| 16:58 | Queue | Archer |
| 16:58 | Queue | Archer |
| 17:14 | Build | Siege Workshop |
| 17:23 | Build | House |
| 17:25 | Build | Palisade Gate |
| 17:31 | Build | Palisade Wall |
| 17:35 | Build | House |
| 17:37 | Build | House |
| 17:39 | Build | Palisade Wall |
| 17:53 | Queue | Villager (Male) |
| 17:54 | Queue | Archer |
| 17:54 | Queue | Archer |
| 18:02 | Queue | Archer |
| 18:07 | Build | Farm |
| 18:08 | Queue | Villager (Male) |
| 18:08 | Queue | Villager (Male) |
| 18:13 | Build | Town Center |
| 18:22 | Research | Bow Saw |
| 18:25 | Queue | Villager (Male) |
| 18:28 | Queue | Villager (Male) |
| 18:32 | Queue | Archer |
| 18:51 | Queue | Villager (Male) |
| 18:52 | Queue | Archer |
| 19:05 | Queue | Villager (Male) |
| 19:25 | Queue | Villager (Male) |
| 19:34 | Queue | Villager (Male) |
| 19:36 | Build | Archery Range |
| 19:37 | Queue | Villager (Male) |
| 19:37 | Queue | Villager (Male) |
| 19:42 | Queue | Archer |
| 19:56 | Queue | Villager (Male) |
| 20:03 | Build | University |
| 20:05 | Queue | Villager (Male) |
| 20:23 | Queue | Villager (Male) |
| 20:25 | Build | Farm |
| 20:44 | Build | Farm |
| 20:45 | Build | Farm |
| 20:50 | Queue | Villager (Male) |
| 20:52 | Queue | Archer |
| 20:52 | Queue | Archer |
| 20:53 | Queue | Archer |
| 21:05 | Queue | Villager (Male) |
| 21:19 | Build | Siege Workshop |
| 21:21 | Queue | Villager (Male) |
| 21:42 | Queue | Villager (Male) |
| 21:45 | Queue | Villager (Male) |
Build order — HyM.Buvra
First 150 of 237 actions detected
| 0:01 | Queue | Villager (Male) ×4 |
| 0:01 | Queue | Villager (Male) ×4 |
| 0:02 | Build | House |
| 0:03 | Build | House |
| 1:33 | Queue | Villager (Male) |
| 1:34 | Queue | Villager (Male) |
| 1:46 | Build | Lumber Camp |
| 1:49 | Queue | Villager (Male) |
| 1:49 | Queue | Villager (Male) |
| 2:26 | Queue | Villager (Male) |
| 2:27 | Queue | Villager (Male) |
| 2:53 | Queue | Villager (Male) |
| 2:53 | Queue | Villager (Male) |
| 3:20 | Queue | Villager (Male) |
| 3:49 | Queue | Villager (Male) |
| 4:05 | Build | House |
| 4:13 | Queue | Villager (Male) |
| 5:01 | Queue | Villager (Male) |
| 5:25 | Queue | Villager (Male) |
| 5:35 | Build | Mill |
| 5:40 | Queue | Villager (Male) |
| 5:43 | Build | House |
| 6:22 | Queue | Villager (Male) |
| 6:23 | Queue | Villager (Male) |
| 6:51 | Queue | Villager (Male) |
| 7:30 | Queue | Villager (Male) |
| 7:39 | Build | Palisade Wall |
| 7:39 | Build | Palisade Wall |
| 7:40 | Build | Palisade Wall |
| 7:43 | Build | Palisade Wall |
| 7:45 | Build | Palisade Wall |
| 7:48 | Build | Palisade Wall |
| 7:52 | Build | Palisade Wall |
| 7:52 | Build | Palisade Wall |
| 7:53 | Build | Palisade Wall |
| 7:57 | Build | Palisade Wall |
| 8:00 | Build | Palisade Wall |
| 8:00 | Build | Palisade Wall |
| 8:01 | Build | Palisade Wall |
| 8:01 | Build | Palisade Wall |
| 8:01 | Build | Palisade Wall |
| 8:01 | Build | Palisade Wall |
| 8:05 | Research | Loom |
| 8:20 | Research | Feudal Age |
| 8:21 | Research | Feudal Age |
| 8:29 | Build | Palisade Wall |
| 8:51 | Build | Mining Camp |
| 9:00 | Build | Palisade Wall |
| 9:13 | Build | Palisade Wall |
| 10:40 | Age | Feudal Age |
| 10:41 | Build | Blacksmith |
| 10:47 | Queue | Villager (Male) |
| 10:59 | Build | Market |
| 11:03 | Build | Palisade Wall |
| 11:11 | Queue | Villager (Male) |
| 11:49 | Research | Castle Age |
| 11:49 | Research | Castle Age |
| 11:49 | Research | Castle Age |
| 13:46 | Build | Palisade Wall |
| 13:48 | Build | Palisade Wall |
| 13:51 | Build | Palisade Wall |
| 13:52 | Build | Palisade Wall |
| 13:52 | Build | Palisade Wall |
| 14:29 | Age | Castle Age |
| 14:32 | Build | Castle |
| 14:37 | Build | Palisade Wall |
| 14:38 | Queue | Villager (Male) |
| 14:39 | Queue | Villager (Male) |
| 14:39 | Queue | Villager (Male) |
| 14:56 | Build | Mining Camp |
| 15:06 | Research | Padded Archer Armor |
| 15:09 | Build | House |
| 15:29 | Queue | Arambai |
| 15:29 | Queue | Arambai |
| 15:29 | Queue | Arambai |
| 15:36 | Queue | Villager (Male) |
| 15:45 | Build | Farm |
| 15:45 | Build | Farm |
| 15:48 | Build | Farm |
| 16:03 | Build | Farm |
| 16:10 | Queue | Arambai |
| 16:10 | Queue | Arambai |
| 16:11 | Queue | Villager (Male) |
| 16:26 | Queue | Arambai |
| 16:26 | Queue | Arambai |
| 16:27 | Queue | Villager (Male) |
| 16:48 | Build | Farm |
| 16:59 | Queue | Arambai |
| 16:59 | Queue | Arambai |
| 17:40 | Build | Siege Workshop |
| 17:44 | Queue | Arambai |
| 17:44 | Queue | Arambai |
| 17:52 | Queue | Villager (Male) |
| 18:05 | Queue | Arambai |
| 18:05 | Queue | Arambai |
| 18:08 | Queue | Villager (Male) |
| 18:19 | Queue | Villager (Male) |
| 18:23 | Build | Lumber Camp |
| 18:57 | Build | Farm |
| 19:40 | Queue | Villager (Male) |
| 19:42 | Queue | Mangonel |
| 19:42 | Queue | Mangonel |
| 19:52 | Queue | Arambai |
| 19:53 | Queue | Arambai |
| 20:07 | Queue | Villager (Male) |
| 20:07 | Queue | Villager (Male) |
| 20:09 | Build | Farm |
| 20:11 | Queue | Arambai |
| 20:11 | Queue | Arambai |
| 20:37 | Queue | Arambai |
| 20:37 | Queue | Arambai |
| 20:52 | Queue | Villager (Male) |
| 20:52 | Queue | Villager (Male) |
| 20:56 | Queue | Arambai |
| 20:56 | Queue | Arambai |
| 20:57 | Queue | Villager (Male) |
| 21:17 | Queue | Arambai |
| 21:18 | Queue | Arambai |
| 21:18 | Queue | Arambai |
| 21:34 | Queue | Arambai |
| 21:34 | Queue | Arambai |
| 21:43 | Queue | Villager (Male) |
| 21:44 | Queue | Villager (Male) |
| 21:44 | Queue | Arambai |
| 21:44 | Queue | Arambai |
| 22:05 | Queue | Arambai |
| 22:05 | Queue | Arambai |
| 22:07 | Queue | Villager (Male) |
| 22:20 | Queue | Villager (Male) |
| 22:22 | Build | House |
| 22:22 | Build | House |
| 22:27 | Build | Lumber Camp |
| 22:43 | Queue | Arambai |
| 22:43 | Queue | Arambai |
| 23:05 | Queue | Villager (Male) |
| 23:21 | Queue | Arambai |
| 23:21 | Queue | Arambai |
| 23:49 | Queue | Arambai |
| 23:49 | Queue | Arambai |
| 23:55 | Build | Mining Camp |
| 24:14 | Queue | Mangonel |
| 24:15 | Queue | Mangonel |
| 24:15 | Queue | Mangonel |
| 24:18 | Queue | Villager (Male) ×3 |
| 24:22 | Build | Barracks |
| 24:31 | Queue | Arambai |
| 24:31 | Queue | Arambai |
| 24:51 | Build | House |
| 24:52 | Build | House |
| 24:53 | Build | House |
Match timeline
| 5:19 | Hoanginator · first_building Barracks |
| 5:28 | Hoanginator · wall_segment Palisade Wall x1 |
| 7:00 | Hoanginator · wall_segment Palisade Wall x8 |
| 7:13 | Hoanginator · wall_segment Palisade Wall x11 |
| 7:14 | Hoanginator · wall_segment Palisade Wall x1 |
| 7:20 | Hoanginator · wall_segment Palisade Wall x3 |
| 7:22 | Hoanginator · wall_segment Palisade Wall x1 |
| 7:23 | Hoanginator · wall_segment Palisade Wall x1 |
| 7:39 | HyM.Buvra · wall_segment Palisade Wall x1 |
| 7:39 | HyM.Buvra · wall_segment Palisade Wall x1 |
| 7:40 | HyM.Buvra · wall_segment Palisade Wall x1 |
| 7:43 | HyM.Buvra · wall_segment Palisade Wall x1 |
| 7:45 | HyM.Buvra · wall_segment Palisade Wall x1 |
| 7:48 | HyM.Buvra · wall_segment Palisade Wall x1 |
| 7:52 | Hoanginator · wall_segment Palisade Wall x1 |
| 7:52 | HyM.Buvra · wall_segment Palisade Wall x1 |
| 7:52 | HyM.Buvra · wall_segment Palisade Wall x1 |
| 7:52 | Hoanginator · wall_segment Palisade Wall x1 |
| 7:53 | HyM.Buvra · wall_segment Palisade Wall x1 |
| 7:57 | HyM.Buvra · wall_segment Palisade Wall x6 |
| 7:58 | Hoanginator · wall_segment Palisade Wall x1 |
| 7:58 | Hoanginator · wall_segment Palisade Wall x1 |
| 7:59 | Hoanginator · wall_segment Palisade Wall x1 |
| 8:00 | HyM.Buvra · wall_segment Palisade Wall x2 |
| 8:00 | HyM.Buvra · wall_segment Palisade Wall x1 |
| 8:01 | HyM.Buvra · wall_segment Palisade Wall x1 |
| 8:01 | HyM.Buvra · wall_segment Palisade Wall x1 |
| 8:01 | HyM.Buvra · wall_segment Palisade Wall x1 |
| 8:01 | HyM.Buvra · wall_segment Palisade Wall x1 |
| 8:29 | HyM.Buvra · wall_segment Palisade Wall x1 |
| 9:00 | HyM.Buvra · wall_segment Palisade Wall x1 |
| 9:13 | HyM.Buvra · wall_segment Palisade Wall x1 |
| 10:31 | Hoanginator · wall_segment Palisade Wall x1 |
| 10:40 | HyM.Buvra · age_up feudal |
| 11:03 | HyM.Buvra · wall_segment Palisade Wall x1 |
| 11:21 | Hoanginator · age_up feudal |
| 11:26 | Hoanginator · first_building Archery Range |
| 11:43 | HyM.Buvra · first_market_sell 100 stone |
| 13:46 | HyM.Buvra · wall_segment Palisade Wall x1 |
| 13:48 | HyM.Buvra · wall_segment Palisade Wall x1 |
| 13:51 | HyM.Buvra · wall_segment Palisade Wall x1 |
| 13:52 | HyM.Buvra · wall_segment Palisade Wall x1 |
| 13:52 | HyM.Buvra · wall_segment Palisade Wall x1 |
| 14:29 | HyM.Buvra · age_up castle |
| 14:32 | HyM.Buvra · first_building Castle |
| 14:37 | HyM.Buvra · wall_segment Palisade Wall x1 |
| 15:22 | Hoanginator · age_up castle |
| 17:14 | Hoanginator · first_building Siege Workshop |
| 17:31 | Hoanginator · wall_segment Palisade Wall x1 |
| 17:39 | Hoanginator · wall_segment Palisade Wall x1 |
| 17:40 | HyM.Buvra · first_building Siege Workshop |
| 19:42 | HyM.Buvra · first_market_buy 100 wood |
| 24:22 | HyM.Buvra · first_building Barracks |
| 25:05 | HyM.Buvra · first_building Stable |
| 27:58 | HyM.Buvra · first_building Monastery |
| 30:50 | Hoanginator · first_building Castle |
| 33:54 | Hoanginator · first_market_buy 100 food |
| 36:33 | Hoanginator · age_up imperial |
| 36:51 | Hoanginator · first_market_sell 100 food |
| 37:14 | HyM.Buvra · resign |
[ AI ANALYSIS · 1 CREDIT ]
What really happened in this match?
Wolo.gg analyzes every decision: build order, eco, micro, common mistakes by bracket. Personalized analysis on WhatsApp or Discord in 30 seconds.
Civ guide
Celts
Perfil
Jugador #3241077